 Dungeon Crawl Stone Soup version 0.29-a0-1047-g7c58e119a4 (webtiles) character file.

Game seed: 18110452786334063953

813 Sobieck the Slicer (level 7, -1/35 HPs)
             Began as a Vine Stalker Fighter on Aug 16, 2022.
             Slain by a gnoll sergeant
             ... wielding a +3 spear of pain
              (2 damage)
             ... on level 5 of the Dungeon.
             The game lasted 00:09:47 (4433 turns).

Sobieck the Slicer (Vine Stalker Fighter)           Turns: 4433, Time: 00:09:48

Health: -1/35      AC:  8    Str: 19    XL:     7   Next: 93%
Magic:  0/8        EV:  9    Int:  8    God:
Gold:   245        SH:  5    Dex: 15    Spells: 6/6 levels left

rFire   . . .      SeeInvis .   a - +2 rapier (vorpal) {short}
rCold   . . .      Faith    .   c - +0 buckler
rNeg    . . .      Spirit   +   D - +0 scale mail
rPois   .          Reflect  .   p - +0 helmet
rElec   .          Harm     .   (no cloak)
rCorr   .          Rampage  .   q - +0 pair of gloves
Will    .....                   (no boots)
Stlth   ..........              (no amulet)
HPRegen 0.91/turn               (no ring)
MPRegen 0.11/turn               (no ring)

@: studying Short Blades
A: fangs 2, regeneration 1, magic shield, antimagic bite, no potion heal 2
a: no special abilities


You were on level 5 of the Dungeon.
You visited 2 branches of the dungeon, and saw 6 of its levels.
You also visited: Ossuary.

You collected 245 gold pieces.


Innate Abilities, Weirdness & Mutations

You have extremely sharp teeth.
Your natural rate of healing is unusually fast.
When hurt, damage is shared between your health and your magic reserves.
Your bite disrupts and absorbs the magic of your enemies.
Potions cannot restore your health.


   Skills:
 - Level 2.6 Fighting
 + Level 10.0 Short Blades
 - Level 2.4 Armour
 - Level 2.6 Shields


You had 6 spell levels left.
You didn't know any spells.
Your spell library contained the following spells:

 Spells                   Type           Power      Damage    Failure   Level
 Slow                     Hex            0%         N/A       87%         1
 Sting                    Tmut/Pois      0%         1d3       87%         1
 Poisonous Vapours        Pois/Air       0%         N/A       95%         2
 Static Discharge         Conj/Air       0%         3-3/arc   95%         2
 Confusing Touch          Hex            0%         N/A       99%         3
 Ignite Poison            Fire/Tmut/Pois 0%         N/A       99%         3
 Mephitic Cloud           Conj/Pois/Air  0%         N/A       99%         3
 Vampiric Draining        Necr           0%         2d6       99%         3
 Olgreb's Toxic Radiance  Pois           0%         N/A       100%        4
 Freezing Cloud           Conj/Ice/Air   0%         6-21      100%        5
 Lightning Bolt           Conj/Air       0%         1d11      100%        5
 Maxwell's Capacitive Co  Air            0%         ∞         100%        8

Inventory:

Hand Weapons
 a - a +2 vorpal rapier (weapon) {short}
 b - a +0 sling
   (You found it on level 3 of the Dungeon)
 s - a +0 dagger of speed {short}
   (You took it off a goblin on level 2 of the Dungeon)
 w - a +4 vorpal spear {polearm}
   (You found it on level 4 of the Dungeon)
 I - a +0 spectral quarterstaff {staff}
   (You found it on level 4 of the Dungeon)
 T - a +1 short sword of flaming {short}
   (You took it off a kobold on level 4 of the Dungeon)
Missiles
 g - 73 stones {throwing}
 k - 6 poisoned darts (quivered) {throwing}
Armour
 c - a +0 buckler (worn)
 e - a +0 leather armour
   (You found it on level 4 of the Dungeon)
 f - a +0 pair of boots
   (You found it on level 4 of the Dungeon)
 n - a +0 ring mail
   (You found it on level 2 of the Dungeon)
 p - a +0 helmet (worn)
   (You found it on level 2 of the Dungeon)
 q - a +0 pair of gloves (worn)
   (You found it on level 2 of the Dungeon)
 r - a +0 ring mail
   (You found it on level 2 of the Dungeon)
 u - the +1 leather armour of Prudence {rF++ rN++ Int-5}
   (You took it off a hobgoblin on level 2 of the Dungeon)

   Int:       It affects your intelligence (-5).
   rF:        It greatly protects you from fire.
   rN:        It greatly protects you from negative energy.
 v - a +0 animal skin
   (You took it off Robin on level 2 of the Dungeon)
 x - a +0 chain mail
   (You found it on level 3 of the Dungeon)
 y - a +0 leather armour
   (You found it on level 3 of the Dungeon)
 z - a +0 ring mail
   (You found it on level 3 of the Dungeon)
 A - a +0 scale mail
   (You took it off Terence on level 3 of the Dungeon)
 B - a +0 scale mail
   (You took it off Ijyb on level 3 of the Dungeon)
 D - a +0 scale mail (worn)
 F - a +0 chain mail
   (You took it off an orc on level 3 of the Dungeon)
 G - a +0 leather armour
   (You took it off an orc on level 3 of the Dungeon)
 H - a +0 chain mail
   (You found it on level 3 of the Dungeon)
 J - a +0 leather armour
   (You found it on level 3 of the Dungeon)
 L - the +1 leather armour of Knowledge {+Blink rElec rCorr}
   (You found it on level 4 of the Dungeon)

   rElec:     It insulates you from electricity.
   +Blink:    It lets you blink.
   rCorr:     It protects you from acid and corrosion.
Magical Staves
 h - a staff of earth {!astaff}
   (You found it on level 1 of the Dungeon)
Jewellery
 l - a +6 ring of dexterity
   (You found it on level 1 of the Dungeon)
Wands
 i - a wand of roots (8)
   (You found it on level 4 of the Dungeon)
 C - a wand of polymorph (4)
   (You took it off Ijyb on level 3 of the Dungeon)
 E - a wand of mindburst (9)
   (You found it on level 3 of the Dungeon)
Scrolls
 m - 4 scrolls of fog
 Q - 3 scrolls of teleportation {@r4}
 R - a scroll of amnesia
 S - a scroll of identify {@r1}
 U - a scroll of magic mapping {unknown}
Potions
 d - a potion of might
 j - 5 potions of curing {@q1}
 o - a potion of degeneration {unknown}
 t - a potion of heal wounds {@q2}
 K - a potion of flight
 M - 2 potions of ambrosia
 N - a potion of attraction {!q}
 O - a potion of invisibility {unknown}
 P - a potion of haste {unknown}

Dungeon Overview and Level Annotations

Branches:
Dungeon (5/15) Zot: 25946  Temple (1/1) D:4 Zot: 5990 Ossuary (visited)

Altars:
Dithmenos
Elyvilon
Makhleb
Trog
Wu Jian
Yredelemnul
The Shining One

Shops:
D:1

= #.#.#
#.......≈≈..... #.#.#
###....P≈§.#### #.#.#
+...g..........
#####.#.#
###.######.####
....#.#.# #.# .#
###.#.#.### #.# #
.....<#.#.# #.#
.....##.#.##########.#
................@gg..#
......################
...........#
......####.# #.#...#
#.....# ###...# #...#
#...#


You could see a gnoll sergeant and a gnoll.


Message History

The ice beast hits you but does no damage.
You hit the ice beast but do no damage.
You bite the ice beast, but do no damage.
The ice beast hits you but does no damage.
You hit the ice beast but do no damage. You block the ice beast's attack.
You completely miss the ice beast. The ice beast completely misses you.
You closely miss the ice beast. The ice beast closely misses you.
You hit the ice beast. You bite the ice beast. You drain its power.
You hit the ice beast.
You bite the ice beast, but do no damage.
The ice beast barely misses you.
You hit the ice beast.
You kill the ice beast!
No target in view!
Unknown command.
U - a scroll labelled OJI CORPHIDEN Unknown command.
A shadow imp comes into view.
The shadow imp shouts!
Danger!
The shadow imp hits you but does no damage.
You hit the shadow imp.
You bite the shadow imp, but do no damage.
The shadow imp closely misses you.
You hit the shadow imp but do no damage.
You bite the shadow imp.
The shadow imp's magic leaks into the air.
You drain its magic. You hit the shadow imp.
You kill the shadow imp!
No target in view!
No target in view!
b - a +0 sling (weapon)
A gnoll comes into view. It is wielding a +0 spear.
The gnoll shouts!
A gnoll sergeant comes into view. It is wielding a +3 spear of pain.
A gnoll comes into view. It is wielding a +0 halberd.
Danger!
You shoot a sling bullet. The gnoll sergeant shouts!
The gnoll shouts!
The sling bullet hits the gnoll.
Unknown command.
Danger!
Danger!
Unknown command.
a - a +2 vorpal rapier (weapon)
{short} The gnoll barely misses you.
The gnoll barely misses you.
You hit the gnoll. You closely miss the gnoll.
The gnoll hits you but does no damage.
You hit the gnoll. You bite the gnoll.
You kill the gnoll!
The gnoll sergeant closely misses you.
Training target 10.0 for Short Blades reached!
Your Short Blades skill increases to level 10!
You need to enable at least one skill for training.
Unknown command.
The gnoll sergeant hits you but does no damage.
You writhe in agony.
The gnoll hits you from afar with a +0 spear.
Things that are here:
a +0 halberd {polearm}; a gnoll corpse The gnoll sergeant blocks your attack.
Your bite misses the gnoll sergeant. The gnoll sergeant closely misses you.
The gnoll hits you from afar with a +0 spear.
You hit the gnoll sergeant.
You hit the gnoll sergeant but do no damage.
The gnoll barely misses you.
The gnoll sergeant hits you with a +3 spear of pain!
You closely miss the gnoll sergeant. You bite the gnoll sergeant.
You drain its power.
You feel invigorated.
The gnoll sergeant hits you with a +3 spear of pain.
You block the gnoll's attack.
You hit the gnoll sergeant but do no damage.
You bite the gnoll sergeant. You drain its power.
You feel invigorated. The gnoll hits you but does no damage.
You block the gnoll sergeant's attack.
You hit the gnoll sergeant.
You bite the gnoll sergeant, but do no damage.
The gnoll sergeant blocks your attack.
You bite the gnoll sergeant. You drain its power. The gnoll barely misses you.
The gnoll sergeant hits you with a +3 spear of pain!
* * * LOW HITPOINT WARNING * * *
You writhe in agony.
* * * LOW HITPOINT WARNING * * *
The gnoll sergeant blocks your attack.
You bite the gnoll sergeant, but do no damage.
The gnoll hits you from afar with a +0 spear.
* * * LOW HITPOINT WARNING * * *
The gnoll sergeant completely misses you.
You completely miss the gnoll sergeant.
You bite the gnoll sergeant, but do no damage.
You hit the gnoll sergeant but do no damage.
The gnoll sergeant hits you with a +3 spear of pain.
* * * LOW HITPOINT WARNING * * *
You block the gnoll's attack.
You hit the gnoll sergeant but do no damage.
The gnoll sergeant hits you with a +3 spear of pain!
* * * LOW HITPOINT WARNING * * *
You writhe in agony.
You die...

Skill      XL: |  1  2  3  4  5  6  7 |
---------------+----------------------+-----
Short Blades   | 2 3 4 5 7 10 | 10.0
Fighting       | |  2.6
Armour         | |  2.4
Shields        | |  2.6

Action                   |  1- 3 |  4- 6 |  7- 9 || total
-------------------------+-------+-------+-------++-------
Melee: Rapier            |   100 |     7 |    85 ||   192
       Bite              |    26 |    90 |    27 ||   143
       Dagger            |    13 |   270 |       ||   283
 Fire: Sling             |       |    26 |    16 ||    42
Throw: Dart              |       |       |     2 ||     2
       Stone             |       |       |     1 ||     1
  Use: Scroll            |       |    17 |       ||    17
Armor: Scale mail        |    31 |   104 |    32 ||   167
       Skin              |       |     9 |       ||     9
Dodge: Dodged            |    37 |    99 |    32 ||   168
Block: Buckler           |    27 |    62 |    14 ||   103

Levels and vault maps discovered:
D:1:      scummos_arrival_forest, layout_loops_ring,
          shapermc_ecumenical_altar_petra, serial_shops,
          nicolae_shop_statue_plus, serial_aquarium, aquarium_bridge_square
          [aquarium_subvault_bridge, aquarium_subvault_balcony,
          aquarium_subvault_bridge, aquarium_subvault_balcony],
          aquarium_window_corner, aquarium_window_1, aquarium_window_fake,
          aquarium_view_2c, kennysheep_minor_cross
D:2:      layout_loops_ring, serial_rivers, chequers_serial_rivers_small_3,
          chequers_serial_rivers_small_a, chequers_serial_rivers_room_b,
          chequers_serial_rivers_micro_e, chequers_serial_rivers_micro_c,
          dk_vineyard_2
D:3:      layout_basic, lightli_temple_of_fire, old_standard_altar,
          chequers_mini_garden, uniq_ijyb, uniq_terence, uniq_robin
D:4:      layout_rooms, nicolae_yredelemnul_corpse_copse,
          lemuel_coloured_pillars_altar, mainiacjoe_overflow_alcove_1,
          kennysheep_mini, temple_doors_e, nicolae_ossuary_entry_monument
D:5:      minmay_goblin_kobold_castle, layout_basic, nicolae_uskayaw_en_pointe,
          mainiacjoe_overflow_brackets, zin_scriptorium, serial_demonic,
          serial_demonic_a, serial_demonic_g, serial_demonic_c,
          serial_demonic_a, serial_demonic_a, serial_demonic_c, serial_demonic_e
Temple:   ebering_the_one_and_only

Notes
Turn   | Place    | Note
-------+----------+-------------------------------------------
     0 | D:1      | Sobieck the Vine Stalker Fighter began the quest for the
                  | Orb.
     0 | D:1      | Reached XP level 1. HP: 11/11 MP: 2/2
    38 | D:1      | Reached skill level 2 in Short Blades
   219 | D:1      | Found Tofienn's Jewellery Boutique.
   230 | D:1      | Reached XP level 2. HP: 8/16 MP: 0/3
   771 | D:1      | HP: 4/16 [frozen (1)]
   777 | D:1      | Reached skill level 3 in Short Blades
  1101 | D:1      | Reached XP level 3. HP: 19/19 MP: 4/4
  1314 | D:1      | Found a faded altar of an unknown god.
  1798 | D:2      | You pick up a book of Debilitation and begin reading...
  1798 | D:2      | You add the spells Slow, Vampiric Draining and Confusing
                  | Touch to your library.
  2129 | D:2      | Gained mutation: Your natural rate of healing is unusually
                  | fast. [Vine Stalker growth]
  2129 | D:2      | Reached XP level 4. HP: 18/23 MP: 3/5
  2132 | D:2      | You add the spells Ignite Poison, Mephitic Cloud and
                  | Freezing Cloud to your library.
  2444 | D:3      | Noticed Robin
  2457 | D:3      | Identified the +1 leather armour of Prudence {rF++ rN++
                  | Int-5}
  2471 | D:2      | Reached skill level 4 in Short Blades
  2531 | D:2      | Killed Robin
  2814 | D:3      | Noticed Ijyb
  2837 | D:3      | Noticed Terence
  2840 | D:3      | Killed Ijyb
  2841 | D:3      | Reached XP level 5. HP: 27/27 MP: 6/6
  2877 | D:3      | Killed Terence
  2905 | D:3      | Found a bloodstained altar of Trog.
  2907 | D:3      | Reached skill level 5 in Short Blades
  2986 | D:3      | Found a burning altar of Makhleb.
  3122 | D:3      | You add the spells Sting, Poisonous Vapours and Olgreb's
                  | Toxic Radiance to your library.
  3294 | D:4      | Found a shadowy altar of Dithmenos.
  3326 | D:4      | Identified the +1 leather armour of Knowledge {+Blink rElec
                  | rCorr}
  3355 | D:4      | Reached XP level 6. HP: 24/32 MP: 5/7
  3387 | D:4      | Identified a scroll of acquirement
  3389 | D:4      | Acquired a manual of Short Blades
  3418 | D:4      | Found a staircase to the Ecumenical Temple.
  3433 | D:4      | Found a sand-covered staircase.
  3447 | Ossuary  | Entered an ossuary
  3479 | Ossuary  | Reached skill level 6 in Short Blades
  3551 | Ossuary  | Reached skill level 7 in Short Blades
  3651 | Ossuary  | You pick up a book of Lightning and begin reading...
  3651 | Ossuary  | You add the spells Static Discharge, Lightning Bolt and
                  | Maxwell's Capacitive Coupling to your library.
  3798 | D:4      | Reached XP level 7. HP: 25/35 MP: 4/8
  3808 | Temple   | Entered the Ecumenical Temple
  3844 | D:4      | Reached skill level 8 in Short Blades
  3981 | D:4      | Found a basalt altar of Yredelemnul.
  4010 | D:4      | Found a white marble altar of Elyvilon.
  4053 | D:4      | Reached skill level 9 in Short Blades
  4076 | D:4      | Found an ornate altar of the Wu Jian Council.
  4321 | D:5      | Entered Level 5 of the Dungeon
  4422 | D:5      | Reached skill level 10 in Short Blades
  4430 | D:5      | HP: 7/35 [gnoll/+0 spear[a gnoll sergeant] (3)]
  4433 | D:5      | HP: 1/35 [gnoll sergeant/+3 spear of pain (6)]
  4433 | D:5      | Slain by a gnoll sergeant

Vanquished Creatures
  An ice beast (D:5)
  An ogre (D:4)
  A centaur (D:4)
  An elf zombie (Ossuary)
  A scorpion (D:4)
  A human zombie (Ossuary)
  Terence (D:3)
  An iguana (D:4)
  Ijyb (D:3)
  4 hound zombies
  4 mummies (Ossuary)
  A howler monkey zombie (D:4)
  Robin (D:2)
  A gnoll (D:5)
  6 adders
  A shadow imp (D:5)
  A white imp (D:5)
  2 adder zombies (Ossuary)
  A worm (D:2)
  2 dart slugs
  3 orcs (D:3)
  3 bats
  5 endoplasms
  4 giant cockroaches
  16 goblins
  10 hobgoblins
  13 kobolds
  A quokka (D:1)
  6 ball pythons
  2 frilled lizards
  A goblin zombie (Ossuary)
  A hobgoblin zombie (Ossuary)
  2 orc zombies (Ossuary)
  6 rats
  3 rat zombies (Ossuary)
109 creatures vanquished.

Vanquished Creatures (others)
  2 demonic plants (D:5)
2 creatures vanquished.

Grand Total: 111 creatures vanquished

Table legend:
 A = Non-vault XP
 B = Vault XP
 C = Vault XP percentage of total XP
 D = Non-vault monster count
 E = Vault monster count
 F = Vault count percentage of total count
                 A         B        C        D         E       F
            +---------+---------+-------+---------+---------+-------
      Total |     706 |     456 |  39.2 |      75 |      34 |  31.2
            +---------+---------+-------+---------+---------+-------
        D:1 |      45 |       0 |   0.0 |      26 |       0 |   0.0
        D:2 |      45 |      28 |  38.4 |      10 |       8 |  44.4
        D:3 |      50 |      77 |  60.6 |      20 |       4 |  16.7
        D:4 |     410 |      81 |  16.5 |      17 |       4 |  19.0
        D:5 |     156 |      21 |  11.9 |       2 |       2 |  50.0
    Ossuary |       0 |     249 | 100.0 |       0 |      16 | 100.0
            +---------+---------+-------+---------+---------+-------

Illustrated notes

Table legend:
 A = Kills in this place as a percentage of kills in entire the game.
 B = Kills by you in this place as a percentage of kills by you in the entire game.
 C = Kills by friends in this place as a percentage of kills by friends in the entire game.
 D = Other kills in this place as a percentage of other kills in the entire game.
 E = Experience gained in this place as a percentage of experience gained in the entire game.
 F = Experience gained in this place divided by the number of levels of this place that you have seen.
                   A       B       C       D       E      F
               +-------+-------+-------+-------+-------+----------------------
         Total | 100.0 | 100.0 |   N/A |   N/A | 100.0 | 166.0
       Dungeon |  85.3 |  85.3 |   N/A |   N/A |  78.6 | 182.6
       Ossuary |  14.7 |  14.7 |   N/A |   N/A |  21.4 | 249.0
               +-------+-------+-------+-------+-------+----------------------

Table legend: (Time is in decaauts)
 A = Elapsed time spent in this place.
 B = Non-inter-level travel time spent in this place.
 C = Inter-level travel time spent in this place.
 D = Time resting spent in this place.
 E = Time spent auto-exploring this place.
 F = Levels seen in this place.
 G = Mean time per level.
                   A        B        C        D        E       F      G
               +--------+--------+--------+--------+--------+-----+--------+
         Total |   4319 |   4195 |    124 |     20 |   3235 |   7 |  617.0 |
       Dungeon |   4052 |   3928 |    124 |     20 |   3150 |   5 |  810.4 |
        Temple |      9 |      9 |      0 |      0 |      0 |   1 |    9.0 |
       Ossuary |    257 |    257 |      0 |      0 |     85 |   1 |  257.0 |
               +--------+--------+--------+--------+--------+-----+--------+

Top non-repeatable levels by time:
     D:1: 1699 daAuts
     D:2: 807 daAuts
     D:3: 746 daAuts
     D:4: 692 daAuts
 Ossuary: 257 daAuts
     D:5: 106 daAuts
  Temple: 9 daAuts
